 Dungeon Crawl Stone Soup version 0.29-a0-723-gce39da1c22 (webtiles) character file.

Game seed: 6197116345725700551

399 kae the Firebug (level 6, -5/32 HPs)
             Began as a Tengu Fire Elementalist on June 28, 2022.
             Slain by a yak (13 damage)
             ... on level 4 of the Dungeon.
             The game lasted 00:04:47 (4201 turns).

kae the Firebug (Tengu Fire Elementalist)           Turns: 4201, Time: 00:04:48

Health: -5/32      AC:  2    Str: 14    XL:     6   Next: 84%
Magic:  5/12       EV: 14    Int: 17    God:
Gold:   243        SH:  0    Dex: 15    Spells: 2/11 levels left

rFire   + . .      SeeInvis .   r - +6 hammer "Soepiurgh" {drain, Fragile Str+6}
rCold   x . .      Faith    .   (no shield)
rNeg    . . .      Spirit   .   a - +0 robe
rPois   .          Reflect  .   (helmet restricted)
rElec   .          Harm     .   (no cloak)
rCorr   .          Rampage  .   (no gloves)
Will    .....                   (boots unavailable)
Stlth   ++........              (no amulet)
HPRegen 0.10/turn               F - ring of fire
MPRegen 0.13/turn               (no ring)

@: flying quickly and evasively, quick
A: beak, talons 3, nimble flight
a: no special abilities


You were on level 4 of the Dungeon.
You visited 1 branch of the dungeon, and saw 4 of its levels.
You also visited: Sewer.

You collected 269 gold pieces.
You spent 26 gold pieces at shops.


Innate Abilities, Weirdness & Mutations

You have a beak for a mouth.
You have claws for feet.
Your magical nature lets you fly swiftly and evasively.


   Skills:
 - Level 2.1 Dodging
 - Level 2.0 Stealth
 + Level 3.3 Spellcasting
 * Level 5.7 Conjurations
 * Level 5.7 Fire Magic


You had 2 spell levels left.
You knew the following spells:

 Your Spells              Type           Power      Damage    Failure   Level
a - Foxfire               Conj/Fire      100%       2x1d9     1%          1
b - Scorch                Fire           66%        2d8       2%          2
c - Conjure Flame         Conj/Fire      33%        6-21      4%          3
d - Inner Flame           Hex/Fire       18%        N/A       16%         3

Your spell library contained the following spells:

 Spells                   Type           Power      Damage    Failure   Level
 Flame Wave               Conj/Fire      33%        2d8       16%         4

Inventory:

Hand Weapons
 r - the +6 hammer "Soepiurgh" (weapon) {drain, Fragile Str+6}
   (You found it on level 2 of the Dungeon)

   A truly terrible weapon, it drains the life of any living foe it strikes.
   Str:       It affects your strength (+6).
   Fragile:   It will be destroyed if unequipped.
 D - the +9 whip of Pot Epsukk {venom, rElec rF- rC+ rCorr}
   (You found it on level 3 of the Dungeon)

   It poisons the flesh of those it strikes.
   rF:        It makes you vulnerable to fire.
   rC:        It protects you from cold.
   rElec:     It insulates you from electricity.
   rCorr:     It protects you from acid and corrosion.
Missiles
 f - 51 stones
 k - 3 silver javelins
 t - 17 poisoned darts
Armour
 a - a +0 robe (worn)
 b - a +0 cloak
   (You took it off Crazy Yiuf on level 2 of the Dungeon)
 d - a +0 leather armour
   (You found it on level 1 of the Dungeon)
 j - a +0 robe
   (You found it on level 2 of the Dungeon)
 l - a +0 chain mail
   (You found it on level 2 of the Dungeon)
 n - a +0 leather armour
   (You found it on level 2 of the Dungeon)
 o - a +0 pair of gloves
   (You found it on level 2 of the Dungeon)
 p - a +0 chain mail
   (You found it on level 2 of the Dungeon)
 q - a +0 cloak
   (You found it on level 2 of the Dungeon)
 B - a +0 ring mail
   (You found it on level 3 of the Dungeon)
 G - a +2 hat
   (You found it on level 3 of the Dungeon)
Jewellery
 F - a ring of fire (left hand)
   (You found it on level 1 of the Dungeon)
Scrolls
 e - a scroll of magic mapping {!r}
 g - 6 scrolls of teleportation {unknown}
 h - 2 scrolls of identify {@r1}
 i - 2 scrolls of enchant weapon {unknown}
 m - 2 scrolls of acquirement {unknown}
 w - a scroll of blinking {unknown}
 y - a scroll of amnesia {unknown}
 A - a scroll of noise {unknown}
 C - a scroll of brand weapon {unknown}
 E - a scroll of enchant armour {unknown}
Potions
 c - 4 potions of heal wounds {unknown}
 s - 2 potions of cancellation {unknown}
 u - a potion of might {unknown}
 v - a potion of haste {unknown}
 x - a potion of brilliance {unknown}
 z - 3 potions of mutation {unknown}
 H - a potion of lignification {unknown}

Dungeon Overview and Level Annotations

Branches:
Dungeon (4/15) Zot: 20733   Sewer (visited)
 Temple: D:4-7

Altars:

Shops:
D:3 =?(:(

##........)# #.#
###...Y##....... #.#
.....Y## ....... #.#
####...# .Y..... #.###
#....# !YY.... #...# #....#
....... ###.# ##.####
####### #.#
#..#######################.#
#..........YYYY@...........#
############################


You could see 4 yaks.


Message History

Casting: Scorch (safe; 2% risk of failure)
Confirm with . or Enter, or press ? or * to list all spells.
You can't see any susceptible monsters within range! (Use Z to cast anyway.)
Okay, then.
Okay, then.
This spell is quite dangerous to cast!
Memorise Inner Flame, consuming 3 spell levels and leaving 2?
You start memorising the spell.
You continue memorising. x3
You finish memorising.
Spell assigned to 'd'.
Found a stone staircase leading down.
Okay, then.
There is a stone staircase leading up here.
g - 4 scrolls labelled ZIWIHU QIFULA (gained 1)
z - 3 metallic inky potions (gained 1)
A phantom comes into view. 😎 MP[+2]
Your mp is fully restored (11).
A phantom is nearby!
Casting: Scorch (safe; 2% risk of failure)
Confirm with . or Enter, or press ? or * to list all spells.
You feel a surge of power!
You conjure some foxfire! 😎 MP[-1]
You lost 1 mp, and now have 10/11 mp.
Casting: Foxfire (safe; 1% risk of failure)
Confirm with . or Enter, or press ? or * to list all spells.
You feel a surge of power!
You conjure some foxfire!
The foxfire hits the phantom but does no damage. 😎 MP[-1]
You lost 1 mp, and now have 9/11 mp.
The foxfire hits the phantom!
Casting: Foxfire (safe; 1% risk of failure)
Confirm with . or Enter, or press ? or * to list all spells.
You feel a surge of power!
You conjure some foxfire!
The foxfire hits the phantom!
The foxfire hits the phantom.
Casting: Foxfire (safe; 1% risk of failure)
Confirm with . or Enter, or press ? or * to list all spells.
You feel a surge of power!
You conjure some foxfire!
The foxfire hits the phantom. x2; The phantom closely misses you. 😎 MP[-1]
You lost 1 mp, and now have 8/11 mp.
Casting: Foxfire (safe; 1% risk of failure)
Confirm with . or Enter, or press ? or * to list all spells.
You feel a surge of power!
Flames lash the phantom.
You destroy the phantom! 😎 MP[-2]
You lost 2 mp, and now have 6/12 mp.
Casting: Scorch (safe; 2% risk of failure)
Confirm with . or Enter, or press ? or * to list all spells.
You can't see any susceptible monsters within range! (Use Z to cast anyway.)
i - 2 scrolls labelled SUXKUO NIGIFE (gained 1)
g - 6 scrolls labelled ZIWIHU QIFULA (gained 2)
m - 2 scrolls labelled VILUKH PYLO (gained 1)
H - a viscous cyan potion 😎 MP[+6]
Your mp is fully restored (12).
Found a glowing flail. 4 yaks come into view.
The yak bellows! x2
There are monsters nearby!
There are monsters nearby!
Unknown command.
Hit: r) +6 hammer "Soepiurgh" {drain, Fragile Str+6}
Press: ? - help, Dir - move target
Okay, then.
Unknown command.
Casting: Scorch (safe; 2% risk of failure)
Confirm with . or Enter, or press ? or * to list all spells.
You feel a surge of power!
The fire begins to smoulder! 😎 MP[-3]
You lost 3 mp, and now have 9/12 mp.
The fire ignites!
Casting: Conjure Flame (dangerous; 4% risk of failure)
Confirm with . or Enter, or press ? or * to list all spells.
You feel a surge of power!
You conjure some foxfire!
The foxfire hits the yak! 😎 MP[-1]
You lost 1 mp, and now have 8/12 mp.
Casting: Foxfire (safe; 1% risk of failure)
Confirm with . or Enter, or press ? or * to list all spells.
You feel a surge of power!
Flames lash the yak.
The yak's fire resistance burns away.
The yak bellows! 😎 MP[-2]
You lost 2 mp, and now have 6/12 mp.
Casting: Scorch (safe; 2% risk of failure)
Confirm with . or Enter, or press ? or * to list all spells.
You feel a surge of power!
Flames lash the yak.
The yak is burned terribly!
The yak bellows!
The yak is engulfed in blazing flames.
The yak gores you!
The yak is engulfed in blazing flames.
The yak gores you!
Ouch! That really hurt!
* * * LOW HITPOINT WARNING * * *
😱 HP[-24] MP[-1]
You take 24 damage, and now have 8/32 hp.
MASSIVE DAMAGE!! (PAUSE)
You lost 1 mp, and now have 5/12 mp.
You hit the yak. You peck the yak, but do no damage.
You punch the yak, but do no damage.
The yak is engulfed in blazing flames.
The yak gores you!
You die...

Skill      XL: |  1  2  3  4  5  6 |
---------------+-------------------+-----
Conjurations   | 2 3 4 5 |  5.7
Fire Magic     | 4 5 |  5.7
Spellcasting   | 3 |  3.3
Dodging        | |  2.1
Stealth        | |  2.0

Action                   |  1- 3 |  4- 6 || total
-------------------------+-------+-------++-------
Melee: Unarmed           |     4 |       ||     4
       Peck              |     2 |     1 ||     3
       Kick              |     1 |       ||     1
       Mace              |       |     1 ||     1
       Punch             |       |     1 ||     1
 Cast: Foxfire           |    59 |    83 ||   142
       Scorch            |       |    20 ||    20
       Conjure Flame     |       |     3 ||     3
  Use: Scroll            |     1 |     1 ||     2
       Potion            |       |     1 ||     1
Armor: Robe              |     6 |     4 ||    10
Dodge: Dodged            |    19 |    22 ||    41

Levels and vault maps discovered:
D:1:      minmay_arrival_four_circles, layout_basic, fountainhead
D:2:      layout_basic, uniq_crazy_yiuf_cottage
D:3:      layout_basic, serial_shops, nicolae_shop_statue_plus,
          nicolae_shop_advertising_works [nicolae_subvault_shop_adworks],
          shop_statue, shop_coins, nicolae_shop_bloodbath_and_beyond,
          lightli_sewer_entry_pipes
D:4:      layout_rooms, minmay_temple_entry_crystal_x, fountainhead,
          uniq_eustachio, uniq_natasha, uniq_duvessa

Notes
Turn   | Place    | Note
-------+----------+-------------------------------------------
     0 | D:1      | kae the Tengu Fire Elementalist began the quest for the
                  | Orb.
     0 | D:1      | Reached XP level 1. HP: 10/10 MP: 4/4
     0 | D:1      | magus.rc [v1.11.3]
   206 | D:1      | Reached skill level 2 in Conjurations
   206 | D:1      | Reached XP level 2. HP: 7/15 MP: 3/6
   209 | D:1      | Learned a level 2 spell: Scorch
   825 | D:1      | Reached XP level 3. HP: 19/19 MP: 5/7
   829 | D:1      | Learned a level 3 spell: Conjure Flame
  1252 | D:2      | Reached skill level 3 in Conjurations
  1252 | D:2      | Reached skill level 4 in Fire Magic
  1393 | D:2      | Reached XP level 4. HP: 24/24 MP: 3/8
  1536 | D:2      | Found a runed translucent door.
  1537 | D:2      | Noticed Crazy Yiuf
  2121 | D:2      | Killed Crazy Yiuf
  2122 | D:2      | Reached skill level 4 in Conjurations
  2122 | D:2      | Gained mutation: Your magical nature lets you fly swiftly
                  | and evasively. [Tengu growth]
  2122 | D:2      | Reached XP level 5. HP: 19/28 MP: 4/10
  2170 | D:2      | Identified the +6 hammer "Soepiurgh" {drain, Fragile Str+6}
  2288 | D:3      | Found Ucicokhla's Book Shoppe.
  2351 | D:3      | Found Urchy's Weapon Shop.
  2380 | D:3      | HP: 7/28 [adder (3)]
  2457 | D:3      | Found a glowing drain.
  2463 | Sewer    | Entered a sewer
  2655 | Sewer    | Noticed a kobold brigand
  2662 | Sewer    | Killed a kobold brigand
  2663 | Sewer    | Reached skill level 3 in Spellcasting
  2663 | Sewer    | Reached skill level 5 in Fire Magic
  2663 | Sewer    | Reached XP level 6. HP: 22/32 MP: 3/11
  3099 | Sewer    | Reached skill level 5 in Conjurations
  3598 | D:3      | Found Duntich's Magic Scroll Emporium.
  3612 | D:3      | Bought a scroll of identify for 26 gold pieces
  3664 | D:3      | Found Amysu's Jewellery Shoppe.
  3779 | D:3      | Identified the +9 whip of Pot Epsukk {venom, rElec rF- rC+
                  | rCorr}
  3888 | D:3      | Found Gepsineimm's Weapon Boutique.
  4008 | D:4      | Learned a level 3 spell: Inner Flame
  4170 | D:4      | Noticed a yak
  4170 | D:4      | Noticed a yak
  4170 | D:4      | Noticed a yak
  4170 | D:4      | Noticed a yak
  4200 | D:4      | HP: 8/32 [yak (16)]
  4201 | D:4      | Slain by a yak

Vanquished Creatures
  A phantom (D:4)
  2 kobold brigands (Sewer)
  Crazy Yiuf (D:2)
  3 gnolls (D:2)
  4 adders
  A river rat (D:3)
  3 worms
  5 ball pythons
  8 endoplasms
  2 giant cockroaches (D:1)
  4 goblins
  3 hobgoblins (D:1)
  5 jackals
  5 quokkas
  7 bats
  7 frilled lizards
  14 kobolds
  7 rats
82 creatures vanquished.

Vanquished Creatures (collateral kills)
  3 foxfires (Sewer)
3 creatures vanquished.

Vanquished Creatures (others)
  235 foxfires
235 creatures vanquished.

Grand Total: 320 creatures vanquished

Table legend:
 A = Non-vault XP
 B = Vault XP
 C = Vault XP percentage of total XP
 D = Non-vault monster count
 E = Vault monster count
 F = Vault count percentage of total count
                 A         B        C        D         E       F
            +---------+---------+-------+---------+---------+-------
      Total |     253 |     317 |  55.6 |      51 |      31 |  37.8
            +---------+---------+-------+---------+---------+-------
        D:1 |      40 |       0 |   0.0 |      21 |       0 |   0.0
        D:2 |      92 |      41 |  30.8 |      19 |       1 |   5.0
        D:3 |      13 |      51 |  79.7 |       9 |       8 |  47.1
        D:4 |     108 |       0 |   0.0 |       2 |       0 |   0.0
      Sewer |       0 |     225 | 100.0 |       0 |      22 | 100.0
            +---------+---------+-------+---------+---------+-------

Illustrated notes

Table legend:
 A = Kills in this place as a percentage of kills in entire the game.
 B = Kills by you in this place as a percentage of kills by you in the entire game.
 C = Kills by friends in this place as a percentage of kills by friends in the entire game.
 D = Other kills in this place as a percentage of other kills in the entire game.
 E = Experience gained in this place as a percentage of experience gained in the entire game.
 F = Experience gained in this place divided by the number of levels of this place that you have seen.
                   A       B       C       D       E      F
               +-------+-------+-------+-------+-------+----------------------
         Total | 100.0 | 100.0 |   N/A |   N/A | 100.0 | 114.0
       Dungeon |  73.2 |  73.2 |   N/A |   N/A |  60.5 |  86.2
         Sewer |  26.8 |  26.8 |   N/A |   N/A |  39.5 | 225.0
               +-------+-------+-------+-------+-------+----------------------

Table legend: (Time is in decaauts)
 A = Elapsed time spent in this place.
 B = Non-inter-level travel time spent in this place.
 C = Inter-level travel time spent in this place.
 D = Time resting spent in this place.
 E = Time spent auto-exploring this place.
 F = Levels seen in this place.
 G = Mean time per level.
                   A        B        C        D        E       F      G
               +--------+--------+--------+--------+--------+-----+--------+
         Total |   4111 |   3969 |    142 |    200 |   3192 |   5 |  822.2 |
       Dungeon |   3264 |   3122 |    142 |    200 |   2465 |   4 |  816.0 |
         Sewer |    847 |    847 |      0 |      0 |    727 |   1 |  847.0 |
               +--------+--------+--------+--------+--------+-----+--------+

Top non-repeatable levels by time:
     D:1: 1148 daAuts
     D:2: 1118 daAuts
   Sewer: 847 daAuts
     D:3: 810 daAuts
     D:4: 187 daAuts
